 Dungeon Crawl Stone Soup version 0.31-a0-188-g5e087ee2ca (webtiles) character file.

Game seed: 9649636475376899392

7 qw the Shooter (level 1, 0/12 HPs)
             Began as a Deep Elf Hunter on June 23, 2023.
             Slain by a ball python (2 damage)
             ... on level 1 of the Dungeon.
             The game lasted 00:00:04 (236 turns).

qw the Shooter (Deep Elf Hunter)                     Turns: 236, Time: 00:00:04

Health: 0/12       AC:  3    Str:  8    XL:     1   Next: 91%
Magic:  3/3        EV:  9    Int: 13    God:
Gold:   5          SH:  0    Dex: 18    Spells: 0/0 levels left

rFire   . . .        a - +0 shortbow
rCold   . . .        (shield currently unavailable)
rNeg    . . .        c - +0 leather armour
rPois   .            (no helmet)
rElec   .            (no cloak)
rCorr   .            (no gloves)
SInv    .            (no boots)
Will    .....        (no amulet)
Stlth   ++           (no ring)
HPRegen 0.22/turn    (no ring)
MPRegen 0.08/turn

%: no passive effects
@: constricted
A: no striking features
a: no special abilities


You were on level 1 of the Dungeon.
You visited 1 branch of the dungeon, and saw 1 of its levels.

You collected 5 gold pieces.


   Skills:
 - Level 1.5 Fighting
 + Level 5.9 Ranged Weapons
 - Level 2.4 Dodging
 - Level 1.2 Stealth


You couldn't memorise any spells.
You didn't know any spells.
Your spell library was empty.

Inventory:

Hand Weapons
 a - a +0 shortbow (weapon)
Armour
 c - a +0 leather armour (worn)
 e - a +0 ring mail
 g - a +1 pair of gloves
 h - a +0 helmet
Scrolls
 b - a scroll of butterflies
 d - 2 scrolls of enchant armour {unknown}
Potions
 f - 2 potions of attraction {unknown}

Dungeon Overview and Level Annotations

Branches:
Dungeon (1/15)

Altars:


Message History

You shoot an arrow. The arrow hits the goblin.
You kill the goblin!
The frilled lizard bites you but does no damage.
The ball python closely misses you. The ball python grabs you.
The ball python constricts you.
You shoot an arrow.
The arrow closely misses the ball python.
The frilled lizard bites you.
The ball python bites you but does no damage.
The ball python constricts you.
You shoot an arrow. The arrow hits the ball python!
You kill the ball python!
The frilled lizard misses you.
The ball python bites you but does no damage.
The ball python closely misses you. The frilled lizard barely misses you.
The giant cockroach barely misses you.
You shoot an arrow. The arrow hits the giant cockroach!
You kill the giant cockroach!
The ball python closely misses you. The ball python grabs you.
The ball python constricts you. The frilled lizard bites you.
The ball python bites you but does no damage.
The ball python constricts you.
You shoot an arrow.
The arrow barely misses the ball python.
The ball python closely misses you. The ball python constricts you.
The frilled lizard barely misses you.
You shoot an arrow.
The arrow barely misses the ball python.
The ball python bites you but does no damage.
The ball python constricts you. The frilled lizard bites you.
The ball python bites you. The ball python constricts you.
You shoot an arrow.
The arrow closely misses the ball python.
The frilled lizard bites you but does no damage.
The ball python barely misses you. The ball python constricts you.
You shoot an arrow.
The arrow closely misses the ball python.
The frilled lizard bites you but does no damage.
The ball python bites you.
You die...

# ....#.~~~~~~~~~~..
###.#..#.............
..#.#................
#.#.#..............#
#.#................#
...................#
....#########......####.
#.#............Sl)>.....
#.###########.##@#.##
#.# #.##.# # #.# #.)..#
#.##############.#
#................#
################.# #.#
#.# #.#


You could see a ball python and a frilled lizard.

Vanquished Creatures
  A giant cockroach (D:1)
  2 goblins (D:1)
  A hobgoblin (D:1)
  2 ball pythons (D:1)
  A bat (D:1)
7 creatures vanquished.

Notes
Turn   | Place    | Note
-------+----------+-------------------------------------------
     0 | D:1      | qw the Deep Elf Hunter began the quest for the Orb.
     0 | D:1      | Reached XP level 1. HP: 12/12 MP: 3/3
     0 | D:1      | 0 ||| qw: Version: 0.3-a-9-g12657ce
     0 | D:1      | 0 ||| qw: Game counter: 3281
     0 | D:1      | 0 ||| qw: Always use a shield: true
     0 | D:1      | 0 ||| qw: God list: Okawaru
     0 | D:1      | 0 ||| qw: Allow faded altars: false
     0 | D:1      | 0 ||| qw: Do Orc after D:15 true
     0 | D:1      | 0 ||| qw: Do second Lair branch before Depths: true
     0 | D:1      | 0 ||| qw: Lair rune preference: random
     0 | D:1      | 0 ||| qw: Plans: Normal
     0 | D:1      | 0 ||| PLANNING D:1-11
   234 | D:1      | HP: 3/12 [frilled lizard (3)]
   234 | D:1      | HP: 1/12 [ball python (2)]
   236 | D:1      | Slain by a ball python

Levels and vault maps discovered:
D:1:      ebering_trefoil_twist, layout_basic,
          nicolae_ecumenical_snake_handling, roderic_roman_lattice,
          minmay_misc_feat_tower

Action                     || total
---------------------------++-------
   Fire: Shortbow          ||    23
 Armour: Leather armour    ||     8
  Dodge: Dodged            ||    12

Table legend:
 A = Non-vault XP
 B = Vault XP
 C = Vault XP percentage of total XP
 D = Non-vault monster count
 E = Vault monster count
 F = Vault count percentage of total count
                 A         B        C        D         E       F
            +---------+---------+-------+---------+---------+-------
      Total |       8 |       3 |  27.3 |       5 |       2 |  28.6
            +---------+---------+-------+---------+---------+-------
        D:1 |       8 |       3 |  27.3 |       5 |       2 |  28.6
            +---------+---------+-------+---------+---------+-------
